AoeStats
← Your Mom

Black Forest

507329719Analyzed
2v2 RM · 16d ago on Sep 17, 2026· 29m 18s· 4 players
Game mode
Random Map
Map size
Medium (4 player)
Population
200
Speed
Normal
Resources
Standard
Victory
Conquest
Starting age
Dark Age
Ending age
Imperial Age
RankedLock teamsTeams togetherTeam positionsShared explorationLock speedFull tech treeHidden civsTurbo modeCheats
Victory
Defeat
🇩🇪 Khmer · Germany
793
+17
🇺🇦 Slavs · Ukraine
785
+18
🇫🇷 Persians · France
843
-49
🇮🇳 Bohemians · India
802
-17
Your Mom
0:30 Loom
11:03 Feudal Age
12:28 Double-Bit Axe
12:35 Horse Collar
13:43 Gold Mining
22:57 Castle Age
21:25 Stone Mining
23:50 Bow Saw
25:32 Scale Barding Armor
26:15 Heavy Plow
27:52 Bloodlines
27:56 Husbandry
28:30 Forging
Gluyk
0:33 Loom
13:48 Feudal Age
15:04 Wheelbarrow
14:14 Horse Collar
14:50 Town Watch
15:34 Double-Bit Axe
19:01 Stone Mining
19:18 Gold Mining
25:03 Castle Age
26:00 Hand Cart
25:48 Heavy Plow
26:02 Bow Saw
26:58 Gold Shaft Mining
26:34 Town Patrol
pussy noodles
0:28 Loom
14:18 Feudal Age
24:40 Castle Age
26:28 Wheelbarrow
25:41 Town Watch
27:37 Double-Bit Axe
27:35 Horse Collar
27:42 Treadmill Crane
29:06 Chemistry
29:43 Hand Cart
aerlavynah
12:50 Feudal Age
17:12 Double-Bit Axe
17:44 Horse Collar
25:05 Wheelbarrow
24:17 Town Watch
24:22 Loom
26:49 Forging
26:30 Fletching
26:41 Padded Archer Armor
26:41 Scale Mail Armor
26:47 Scale Barding Armor
26:50 Gold Mining
27:16 Stone Mining
Connection lost

Rejoining the realm…

Still unreachable

The connection could not be restored.

Session expired

The server has moved on; the page needs a fresh start.